 Dungeon Crawl Stone Soup version 0.31-a0-986-g5e6e4ef867 (webtiles) character file.

Game seed: 3011643121806125294

1059 lunkers the Grappler (level 8, -15/91 HPs)
             Began as a Meteoran Shapeshifter on Nov 20, 2023.
             Was an Initiate of Ru.
             Killed from afar by Dowan (17 damage)
             ... with a stone arrow
             ... on level 5 of the Dungeon.
             The game lasted 00:05:28 (2210 turns).

lunkers the Grappler (Meteoran Shapeshifter)        Turns: 2210, Time: 00:05:29

Health: -15/91     AC:  0    Str: 17    XL:     8   Next: 81%
Magic:  9/9        EV: 15    Int: 11    God:    Ru [......]
Gold:   205        SH:  0    Dex: 15    Spells: 7/7 levels left

rFire   . .          .
                       - Unarmed
rCold   . . .        (shield currently unavailable)
rNeg    . . .        j - melded +4 scale mail of Prudence {rN+}
rPois   .            q - melded +0 helmet
rElec   .            (cloak currently unavailable)
rCorr   .            e - melded +0 pair of gloves
SInv    .            (boots currently unavailable)
Will    +....        k - amulet of the acrobat Stlth
                     r - melded +6 ring of strength
HPRegen 0.35/turn    (ring currently unavailable)
MPRegen 0.11/turn

%: acrobat
@: berserking (expiring), pig-form, glowing, very quick
A: fast, no casting, small, sense surroundings 1, otherworldly, glowing, explore
regen
a: Renounce Religion


You were on level 5 of the Dungeon.
You worshipped Ru.
Ru was noncommittal.
You were a filthy swine.
You visited 1 branch of the dungeon, and saw 5 of its levels.

You collected 205 gold pieces.

Inventory:

Armour
 e - a +0 pair of gloves (melded)
 j - the +4 scale mail of Prudence (melded) {rN+}
   (You found it on level 4 of the Dungeon)

   rN+:       It protects you from negative energy.
 l - a +1 chain mail
 q - a +0 helmet (melded)
Jewellery
 k - an amulet of the acrobat (around neck)
 r - a +6 ring of strength (melded)
Talismans
 c - a beast talisman
 d - a flux talisman (active)
Wands
 x - a wand of flame (9)
Scrolls
 g - 2 scrolls of enchant armour
 i - 3 scrolls of vulnerability {unknown}
 s - 2 scrolls of silence
 u - a scroll of fog
 w - a scroll of teleportation
Potions
 a - a potion of ambrosia
 b - a potion of lignification
 f - a potion of mutation
 m - a potion of attraction
 o - a potion of heal wounds
 p - a potion of brilliance {unknown}


   Skills:
 + Level 2.1 Fighting
 + Level 2.9 Dodging
 * Level 9.6 Unarmed Combat
 + Level 6.8 Shapeshifting


You had 7 spell levels left.
You didn't know any spells.
Your spell library contained the following spells:

 Spells                   Type           Power      Damage    Failure   Level
 Apportation              Tloc           0%         N/A       34%         1
 Necrotise                Necr           0%         1d4       34%         1
 Summon Small Mammal      Summ           0%         N/A       34%         1
 Wereblood                Tmut           0%         N/A       47%         2
 Irradiate                Conj/Tmut      0%         3d11      100%        5


Dungeon Overview and Level Annotations

Branches:
Dungeon (5/15) Zot: 821    Temple (0/1) D:4

Altars:
Qazlal
Ru
Wu Jian

Shops:
D:3 :   D:4 *

Annotations:
D:5 Dowan, Prince Ribbit


Innate Abilities, Weirdness & Mutations

You are a filthy swine.
You move quickly.
Your equipment is almost entirely melded.
You are incapable of wielding weapons or throwing items.
You cannot cast spells.
You passively map a small area around you.
You are easily found by Zot.
You glow in the dark.
You regain HP and MP as you explore.


Message History

You feel weaker.
Unknown command.
You bite Duvessa!
Duvessa is heavily wounded.
Prince Ribbit closely misses you.
Unknown command.
You hit Duvessa.
Duvessa is heavily wounded.
Prince Ribbit closely misses you. Duvessa hits you with a +0 rapier!
* * * LOW HITPOINT WARNING * * *
You hit Duvessa.
Duvessa is heavily wounded.
Prince Ribbit hits you.
* * * LOW HITPOINT WARNING * * *
You hit Duvessa but do no damage.
Duvessa is heavily wounded.
Duvessa misses you.
Prince Ribbit blinks!
Unknown command.
You hit Duvessa.
Duvessa is severely wounded.
Unknown command.
You hit Duvessa.
Duvessa is severely wounded.
Duvessa completely misses you.
Unknown command.
You hit Duvessa.
Duvessa is almost dead.
Unknown command.
You bite Duvessa!
You kill Duvessa!
Dowan screams, "No!
Oh no!"
Dowan seems to find hidden reserves of power!
Dowan hits you with a +0 dagger.
* * * LOW HITPOINT WARNING * * *
Your Fighting skill increases to level 2!
You bite Dowan!
Dowan is moderately wounded.
Dowan casts a spell at you. The stone arrow hits you!
You die...

**,,,,,,,,,##.......###.......#
**8,,,,,8##...#.##............
**,,,,,##....#.#....###......
**8,8*#..#.........#*....(.#
**+**##.#.................§
*,,,,#...##...###........§
**..###...#.#...##.......§
*........#.##...#,......§
*#...#..h..#*#.....(..#..
##..###)e.#*,........#..
**##***##.....,...###...#
**~~~~~**,F......,,,###...
*~~,~,~~,,.......*,*###... ****
*~,,~~~~,,.......*,,,,**,.
**,,***~~,_,~~,,#......**,,***,.
*,,,,,,~,~~,~~,,*.....#**,,,**,.
**,,,,,~~,~~~~,,,,,,,,,***,,*,,,


You could see Prince Ribbit and Dowan (fast).

Vanquished Creatures
  Pikel (D:4)
  Duvessa (D:5)
  A lemure (D:4)
  A phantom (D:5)
  2 scorpions
  2 jellies (D:4)
  A hound (D:5)
  A sleepcap (D:5)
  2 orc wizards (D:3)
  3 gnolls (D:5)
  4 adders
  A worm (D:5)
  3 dart slugs
  2 orcs (D:3)
  3 ball pythons
  7 endoplasms
  4 giant cockroaches
  7 goblins
  A hobgoblin (D:2)
  5 quokkas
  2 bats (D:2)
  3 frilled lizards
  7 kobolds
  7 rats
71 creatures vanquished.

Vanquished Creatures (others)
  A scorpion (D:5)
1 creature vanquished.

Grand Total: 72 creatures vanquished

Notes
Turn   | Place    | Note
-------+----------+-------------------------------------------
     0 | D:1      | lunkers the Meteoran Shapeshifter began the quest for the
                  | Orb.
     0 | D:1      | Reached XP level 1. HP: 16/16 MP: 2/2
    42 | D:1      | Reached XP level 2. HP: 7/23 MP: 3/3
    43 | D:1      | Reached skill level 4 in Unarmed Combat
   157 | D:1      | Reached XP level 3. HP: 24/28 MP: 4/4
   680 | D:2      | Reached XP level 4. HP: 34/35 MP: 5/5
   837 | D:3      | Reached skill level 5 in Unarmed Combat
   969 | D:3      | Found Xiacuxku's Book Shop.
   981 | D:3      | Reached XP level 5. HP: 32/40 MP: 6/6
  1048 | D:3      | Reached skill level 6 in Unarmed Combat
  1383 | D:4      | Reached skill level 5 in Shapeshifting
  1383 | D:4      | Reached XP level 6. HP: 30/47 MP: 7/7
  1386 | D:4      | Found Pakhlys's Neck Hole.
  1640 | D:4      | Found a sacrificial altar of Ru.
  1646 | D:4      | Became a worshipper of Ru the Awakened
  1865 | D:4      | Noticed Pikel
  1890 | D:4      | Killed Pikel
  1891 | D:4      | Reached skill level 8 in Unarmed Combat
  1891 | D:4      | Reached XP level 7. HP: 13/52 MP: 8/8
  1891 | D:4      | Reached XP level 8. HP: 15/59 MP: 9/9
  1901 | D:4      | Found a staircase to the Ecumenical Temple.
  1991 | D:4      | Found an ornate altar of the Wu Jian Council.
  2000 | D:4      | Identified the +4 scale mail of Prudence {rN+}
  2046 | D:5      | Entered Level 5 of the Dungeon
  2046 | D:5      | Noticed a +0 falchion
  2046 | D:5      | Noticed a +0 short sword
  2046 | D:5      | Noticed a +0 short sword
  2046 | D:5      | Noticed a +0 spear
  2095 | D:5      | Reached skill level 9 in Unarmed Combat
  2154 | D:5      | Found a stormy altar of Qazlal.
  2187 | D:5      | Noticed Prince Ribbit
  2191 | D:5      | Noticed Duvessa
  2197 | D:5      | Noticed Dowan
  2209 | D:5      | Killed Duvessa
  2209 | D:5      | HP: 2/90 [Dowan/+0 dagger (4)]
  2210 | D:5      | Killed from afar by Dowan

Illustrated notes

Levels and vault maps discovered:
D:1:      enne_arrival_octagon_isle, layout_rooms, serial_curves,
          eino_curves_03, eino_curves_01
D:2:      layout_loops_ring, corner_web_ring
D:3:      layout_basic, serial_shops, shop
D:4:      layout_loops_ring, old_standard_altar,
          nicolae_wu_jian_immortal_techniques, minmay_temple_entry_nine_rooms,
          nicolae_shop_sticking_my_neck_out, uniq_pikel
D:5:      layout_cave_pools, lemuel_zombie_altar_kikubaaqudgha,
          nicolae_uskayaw_en_pointe, nicolae_qazlal_scattered_showers,
          minitemple, xom_confusion_cloud, dk_noncrumbling_4,
          hangedman_decor_diamond_cutter, uniq_duvessa, uniq_prince_ribbit1,
          uniq_menkaure

Skill      XL: |  1  2  3  4  5  6  7  8 |
---------------+-------------------------+-----
Unarmed Combat | 4 5 6 8 9 |  9.6
Shapeshifting  | 4 5 6 |  6.8
Fighting       | 2 |  2.1
Dodging        | |  2.9

Action                     |  1- 3 |  4- 6 |  7- 9 || total
---------------------------+-------+-------+-------++-------
  Melee: Unarmed           |    63 |   111 |    64 ||   238
         Punch             |       |     4 |       ||     4
    Use: Scroll            |       |     9 |     4 ||    13
         Potion            |       |       |     1 ||     1
 Armour: Animal skin       |    11 |       |       ||    11
         Chain mail        |    14 |    68 |     2 ||    84
         Scale mail        |       |       |    25 ||    25
         Skin              |       |       |     4 ||     4
  Dodge: Dodged            |    41 |    42 |    26 ||   109
   Form: Flux              |       |     1 |       ||     1

Table legend: (Time is in decaauts)
 A = Elapsed time spent in this place.
 B = Non-inter-level travel time spent in this place.
 C = Inter-level travel time spent in this place.
 D = Time resting spent in this place.
 E = Time spent auto-exploring this place.
 F = Levels seen in this place.
 G = Mean time per level.
                   A        B        C        D        E       F      G
               +--------+--------+--------+--------+--------+-----+--------+
         Total |   2178 |   2095 |     83 |      0 |   1477 |   5 |  435.6 |
       Dungeon |   2178 |   2095 |     83 |      0 |   1477 |   5 |  435.6 |
               +--------+--------+--------+--------+--------+-----+--------+

Top non-repeatable levels by time:
     D:4: 696 daAuts
     D:3: 509 daAuts
     D:1: 483 daAuts
     D:2: 339 daAuts
     D:5: 150 daAuts
